AoeStats
← TioAldi17

Arabia

508999418Analyzed
2v2 RM · 9d ago on Sep 25, 2026· 34m 43s· 4 players
Game mode
Random Map
Map size
Medium (4 player)
Population
200
Speed
Normal
Resources
Standard
Victory
Conquest
Starting age
Dark Age
Ending age
Imperial Age
RankedLock teamsTeams togetherTeam positionsShared explorationLock speedFull tech treeHidden civsTurbo modeCheats
Victory
Defeat
🇨🇱 Muisca · Chile
1289
+14
🇨🇱 Koreans · Chile
1288
+14
🇺🇸 Mongols · United States
1346
-18
🇲🇽 Chinese · Mexico
1134
-10
Ux'gödel
6:06 Loom
8:43 Feudal Age
16:05 Fletching
17:43 Wheelbarrow
17:53 Padded Archer Armor
22:54 Castle Age
20:43 Horse Collar
21:40 Gold Mining
22:43 Bloodlines
22:39 Scale Barding Armor
32:40 Double-Bit Axe
ricardoarturo89
0:26 Loom
9:23 Feudal Age
15:43 Fletching
19:53 Padded Archer Armor
21:40 Double-Bit Axe
23:20 Town Watch
24:13 Wheelbarrow
28:37 Castle Age
29:04 Elite Skirmisher
29:50 Thumb Ring
29:45 Bodkin Arrow
31:02 Horse Collar
TioAldi17
8:16 Loom
10:12 Feudal Age
11:18 Double-Bit Axe
16:00 Wheelbarrow
16:00 Fletching
24:44 Castle Age
23:54 Horse Collar
25:24 Pikeman
26:46 Bodkin Arrow
26:52 Padded Archer Armor
26:45 Crossbowman
27:51 Bow Saw
27:36 Gold Mining
28:14 Thumb Ring
30:21 Heavy Plow
30:44 Leather Archer Armor
32:36 Ballistics
35:18 Hand Cart
34:55 Town Watch
piñaples
7:34 Loom
10:21 Feudal Age
13:56 Fletching
16:38 Horse Collar
23:55 Castle Age
22:29 Double-Bit Axe
24:34 Bodkin Arrow
24:01 Crossbowman
26:55 Wheelbarrow
30:18 Stone Mining
30:19 Gold Mining
31:22 Ballistics
31:38 Heavy Plow
31:35 Town Watch
32:39 Thumb Ring
32:51 Bow Saw
33:37 Scale Mail Armor
35:00 Arson
Connection lost

Rejoining the realm…

Still unreachable

The connection could not be restored.

Session expired

The server has moved on; the page needs a fresh start.